 Dungeon Crawl Stone Soup version 0.31.0-11-ge490571c62 (webtiles) character file.

Game seed: 13929107914853260391

8 qw the Shooter (level 2, 0/14 HPs)
             Began as a Spriggan Hunter on Feb 5, 2024.
             Slain by a goblin
             ... wielding a +0 club
             ... led by Robin
              (6 damage)
             ... on level 2 of the Dungeon.
             The game lasted 00:00:02 (726 turns).

qw the Shooter (Spriggan Hunter)                     Turns: 726, Time: 00:00:02

Health: 0/14       AC:  2    Str:  7    XL:     2   Next: 0%
Magic:  3/3        EV: 18    Int: 10    God:
Gold:   68         SH:  0    Dex: 18    Spells: 1/1 levels left

rFire   . . .        a - +0 shortbow (drain)
rCold   . . .        (shield currently unavailable)
rNeg    . . .        c - +0 robe
rPois   .            (helmet restricted)
rElec   .            (no cloak)
rCorr   .            (gloves unavailable)
SInv    +            (boots unavailable)
Will    .....        (no amulet)
Stlth   ++           (no ring)
HPRegen 0.22/turn    (no ring)
MPRegen 0.08/turn

%: no passive effects
@: very quick
A: very small, no large weapons, unfitting armour, see invisible, speed 3
a: no special abilities


You were on level 2 of the Dungeon.
You visited 1 branch of the dungeon, and saw 2 of its levels.

You collected 68 gold pieces.


Innate Abilities, Weirdness & Mutations

You are very small and have problems with some larger weapons.
You are too small for most types of armour.
You have supernaturally acute eyesight. (SInv)
You cover ground extremely quickly. (Speed+++)


   Skills:
 - Level 1.5 Fighting
 - Level 4.0 Ranged Weapons
 + Level 3.7 Dodging
 - Level 1.5 Stealth


You had one spell level left.
You didn't know any spells.
Your spell library was empty.

Inventory:

Hand Weapons
 a - a +0 shortbow of draining (weapon)
Armour
 c - a +0 robe (worn)
Scrolls
 b - a scroll of teleportation {unknown}

Dungeon Overview and Level Annotations

Branches:
Dungeon (2/15)

Altars:

Shops:
D:2 :

Annotations:
D:2 Robin


Message History

Robin, a hobgoblin and 6 goblins come into view.
A goblin is wielding a +2 dagger of venom.
Found a scroll of revelation.
The goblin shouts! x2; Robin shouts!
The goblin shouts!
You hear a shout!
You hear a loud squeak.
The goblin shouts!
You hear a shout! x2
The goblin shouts!
718 ||| RETREEEEATING.
You hear a shout!
Robin and a hobgoblin come into view.
Robin throws the goblin at you!
A kobold comes into view. It is wielding a +2 whip of venom.
The goblin misses you.
720 ||| RETREEEEATING.
You shoot an arrow. The arrow completely misses the goblin.
You shoot an arrow. The arrow hits the goblin.
The goblin is heavily wounded.
The goblin hits you with a +0 dagger.
An endoplasm comes into view.
The goblin closely misses you.
You shoot an arrow. The arrow closely misses the goblin.
The arrow hits the goblin.
You kill the goblin!
You hear a shout!
The goblin hits you with a +0 dagger.
You have reached level 2!
You shoot an arrow. The arrow closely misses the goblin.
The arrow barely misses the goblin.
The goblin hits you with a +0 dagger.
You shoot an arrow. The arrow closely misses the goblin.
The arrow hits the goblin but does no damage.
A ribbon worm comes into view.
Robin roars a battlecry!
The goblins go into a battle-frenzy!
The goblin hits you with a +0 dagger.
You hear a shout!
You hear a loud squeak.
You shoot an arrow. The arrow barely misses the goblin.
The arrow hits the goblin.
You kill the goblin!
Robin throws the goblin at you! The goblin hits you with a +0 club.
You die... .?. .g## ###... ...# .w.gg .... #... #.### Jg.

#...####### #g#####
#.#.......#
#)g@g.###.#.}...}.##
#####..##.....\.....
#.......#.}...}.##
#.####..........#
#.# ####....#### #.#
#..### #.# #...# #.#
#.#..# #.# #.##..#


You could see a ribbon worm, Robin, an endoplasm, a hobgoblin (strong) and 2
goblins.

Vanquished Creatures
  A ball python (D:1)
  3 goblins (D:2)
  4 kobolds (D:1)
  A rat (D:1)
9 creatures vanquished.

Notes
Turn   | Place    | Note
-------+----------+-------------------------------------------
     0 | D:1      | qw the Spriggan Hunter began the quest for the Orb.
     0 | D:1      | Reached XP level 1. HP: 10/10 MP: 2/2
     0 | D:1      | 0 ||| qw: Version: 0.3-a-160-g6735b56
     0 | D:1      | 0 ||| qw: Game counter: 6276
     0 | D:1      | 0 ||| qw: Melee chars always use a shield: true
     0 | D:1      | 0 ||| qw: God list: Okawaru
     0 | D:1      | 0 ||| qw: Allow faded altars: false
     0 | D:1      | 0 ||| qw: Do Orc after clearing Dungeon:15 true
     0 | D:1      | 0 ||| qw: Do second Lair branch before Depths: true
     0 | D:1      | 0 ||| qw: Lair rune preference: random
     0 | D:1      | 0 ||| qw: Goals: Normal
     0 | D:1      | 0 ||| PLANNING D:1-11
   128 | D:1      | Reached skill level 3 in Dodging
   630 | D:1      | 630 ||| READING scroll labelled GYHIWE ISEGE.
   630 | D:1      | 630 ||| IDENTIFYING scroll labelled FEPTUM BOU
   631 | D:1      | 631 ||| READING scroll labelled NOIBRY GEJACI.
   631 | D:1      | 631 ||| BRANDING +0 shortbow.
   632 | D:1      | 632 ||| READING scroll labelled SYNIOF ACEAFEH.
   633 | D:1      | 633 ||| READING scroll labelled JUCIMOIGABB.
   633 | D:1      | 633 ||| ENCHANTING +0 shortbow of draining.
   634 | D:1      | 634 ||| DROPPING scroll of butterflies.
   635 | D:1      | 635 ||| DROPPING scroll of noise.
   689 | D:2      | Found Heod's Vocational Training.
   717 | D:2      | Noticed Robin
   718 | D:2      | 718 ||| RETREEEEATING.
   720 | D:2      | 720 ||| RETREEEEATING.
   724 | D:2      | Reached XP level 2. HP: 12/14 MP: 3/3
   726 | D:2      | Slain by a goblin

Levels and vault maps discovered:
D:1:      nzn_arrival_water_spiral, layout_loops_ring
D:2:      layout_basic, basic_altar,
          dreamdust_ecumenical_altar_hidden_monk_grotto, kennysheep_flooded_box,
          nicolae_shop_vocational, uniq_natasha, uniq_robin

Skill      XL: |  1 |
---------------+----+-----
Dodging        | 3 |  3.7
Fighting       | |  1.5
Ranged Weapons | |  4.0
Stealth        | |  1.5

Action                     || total
---------------------------++-------
   Fire: Shortbow          ||    22
    Use: Scroll            ||     4
 Armour: Robe              ||     7
  Dodge: Dodged            ||     4

Table legend:
 A = Non-vault XP
 B = Vault XP
 C = Vault XP percentage of total XP
 D = Non-vault monster count
 E = Vault monster count
 F = Vault count percentage of total count
                 A         B        C        D         E       F
            +---------+---------+-------+---------+---------+-------
      Total |      10 |       4 |  28.6 |       7 |       2 |  22.2
            +---------+---------+-------+---------+---------+-------
        D:1 |       8 |       0 |   0.0 |       6 |       0 |   0.0
        D:2 |       2 |       4 |  66.7 |       1 |       2 |  66.7
            +---------+---------+-------+---------+---------+-------
